 Dungeon Crawl Stone Soup version 0.21.1-1-g345015f (webtiles) character file.

2479 letownia2 the Martial Artist (level 9, -4/99 HPs)
             Began as a Merfolk Transmuter on Mar 15, 2018.
             Was a Believer of Cheibriados (penitent).
             Slain by Psyche
             ... wielding a +3 dagger of distortion
              (5 damage)
             ... on level 8 of the Dungeon.
             The game lasted 00:16:35 (2591 turns).

letownia2 the Martial Artist (Merfolk Transmuter)   Turns: 2591, Time: 00:16:36

Health: -4/99      AC:  2    Str: 18    XL:     9   Next: 51%
Magic:  8/12       EV: 21    Int: 13    God:    Cheibriados [*]
Gold:   241        SH:  3    Dex: 19    Spells: 2/12 levels left

rFire    + . .     SeeInvis .     - Unarmed
rCold    + . .     Gourm    .   (shield currently unavailable)
rNeg     . . .     Faith    .   (armour currently unavailable)
rPois    x         Spirit   .   (helmet currently unavailable)
rElec    .         Reflect  +   (cloak currently unavailable)
rCorr    .         Harm     .   (gloves currently unavailable)
MR       .....                  (boots currently unavailable)
Stlth    ..........             D - +3 amulet of reflection
HPRegen  0.26/turn              i - ring of protection from cold
MPRegen  0.13/turn              k - ring of protection from fire

@: berserking, spider-form (expiring), very slightly contaminated, slowed, very
slow
A: tiny, (change form in water), (swift swim), (stealthy swim)
a: End Transformation, Renounce Religion


You were on level 8 of the Dungeon.
You worshipped Cheibriados.
Cheibriados was demanding penance.
You were very hungry.
You were a venomous arachnid creature.
You visited 1 branch of the dungeon, and saw 9 of its levels.
You visited the Abyss 1 time.
You also visited: Sewer and Ossuary.

You collected 241 gold pieces.

Inventory:

Missiles
 a - 46 arrows
Armour
 b - a +0 robe (melded)
 g - a +0 leather armour
 t - a +0 pair of gloves (melded)
Magical Staves
 m - an uncursed staff of death
 w - an uncursed staff of summoning
Jewellery
 i - a ring of protection from cold (left front leg)
 k - a ring of protection from fire (right front leg)
 r - an uncursed ring of resist corrosion
 u - an uncursed ring of positive energy
 D - a +3 amulet of reflection (around neck)
Wands
 e - a wand of random effects (18)
 p - a wand of digging (9)
 y - a wand of disintegration (9)
Scrolls
 f - a scroll of noise {unknown}
 n - 2 scrolls of fear {unknown}
 o - a scroll of amnesia {unknown}
 v - 2 scrolls of enchant weapon {unknown}
 A - a scroll of summoning {unknown}
 B - 2 scrolls of immolation {unknown}
 H - a scroll of remove curse {unknown}
Potions
 h - 2 potions of haste
 l - a potion of curing
 x - a potion of brilliance
 z - 2 potions of lignification {unknown}
 E - 2 potions of cancellation
 F - a potion of flight
Books
 c - a book of Changes

   Spells                             Type                      Level
   a - Beastly Appendage              Transmutation                1
   b - Sticks to Snakes               Transmutation                2
   c - Spider Form                    Transmutation/Poison         3
   d - Ice Form                       Ice/Transmutation            4
   e - Blade Hands                    Transmutation                5
Comestibles
 d - 4 rations


   Skills:
 + Level 4.5 Fighting
 - Level 2.6 Dodging
 - Level 7.6 Stealth
 + Level 9.6 Unarmed Combat
 - Level 2.0 Spellcasting
 - Level 6.7 Transmutations
 - Level 2.0 Ice Magic
 - Level 1.2 Poison Magic


You had 2 spell levels left.
You knew the following spells:

 Your Spells              Type           Power        Failure   Level  Hunger
a - Beastly Appendage     Tmut           ###...       7%          1    ##.....
i - Ice Form              Ice/Tmut       ##......     61%         4    #####..
l - Sticks to Snakes      Tmut           ###.....     9%          2    ###....
p - Spider Form           Tmut/Pois      ##........   32%         3    ####...


Dungeon Overview and Level Annotations

Branches:
Dungeon (9/15)
 Temple: D:4-7         Lair: D:8-11         Orc: D:9-12

Altars:
Cheibriados
Makhleb
Ru
Trog
Uskayaw

Annotations:
D:8 Psyche


Message History

You feel mighty!
Your transformation is almost over.
Psyche barely misses you. Psyche gestures at you while chanting.
The puff of frost hits you! You resist.
* * * LOW HITPOINT WARNING * * *
Unknown command.
You closely miss Psyche. Psyche misses you.
Unknown command.
You maul Psyche!!
Psyche is poisoned.
Psyche is severely wounded.
Psyche barely misses you. Psyche casts a spell at you.
The puff of flame hits you! You resist.
* * * LOW HITPOINT WARNING * * *
Unknown command.
You closely miss Psyche.
Psyche is severely wounded.
Psyche hits you with a dagger of distortion.
You die...

#.# ##....#..P.. #.#
#....@....PP #.#
#....##..P..
#.##########...####..P.
#...................P..
##############.###..P..
#รท# ... #@# . #s# #.#
#.# #.# #.# #.# ... ...


You could see Psyche.

Vanquished Creatures
  A wizard (Abyss:2)
  3 flying skulls (Abyss:2)
  An ice beast (D:6)
  A phantom (D:6)
  A sky beast (D:6)
  3 wolves (D:8)
  An ogre (D:6)
  A crocodile (Sewer)
  2 bullfrogs
  A scorpion (D:6)
  2 centaur zombies (Ossuary)
  A crimson imp (D:6)
  A bullfrog zombie (Ossuary)
  2 hounds
  A jelly (D:6)
  An iguana (D:6)
  A worker ant (D:7)
  4 hound zombies (Ossuary)
  11 mummies (Ossuary)
  A worker ant zombie (Ossuary)
  4 adders
  A shadow imp (Abyss:2)
  An ufetubus (Abyss:2)
  An ooze (D:3)
  2 adder skeletons
  4 adder zombies
  A dart slug (D:4)
  5 leopard geckos
  A bat zombie (D:1)
  3 giant cockroaches (D:5)
  5 goblins (D:1)
  2 hobgoblins
  5 jackals
  5 kobolds
  4 quokkas
  4 ball pythons
  6 bats
  2 frilled lizards (D:4)
  2 jackal zombies (Ossuary)
  2 leopard gecko zombies
  2 quokka zombies (Ossuary)
  3 rats (D:1)
105 creatures vanquished.

Vanquished Creatures (others)
  A plant (D:8)
  A withered plant (Ossuary)
2 creatures vanquished.

Grand Total: 107 creatures vanquished

Notes
Turn   | Place    | Note
-------+----------+-------------------------------------------
     0 | D:1      | letownia2 the Merfolk Transmuter began the quest for the Orb.
     0 | D:1      | Reached XP level 1. HP: 15/15 MP: 3/3
    47 | D:1      | Reached XP level 2. HP: 14/21 MP: 3/5
   142 | D:1      | Learned a level 2 spell: Sticks to Snakes
   318 | D:2      | Reached XP level 3. HP: 19/26 MP: 4/6
   326 | D:2      | Learned a level 3 spell: Spider Form
   426 | D:3      | Reached skill level 1 in Poison Magic
   438 | D:5      | Entered Level 5 of the Dungeon
   560 | D:4      | Reached skill level 4 in Unarmed Combat
   562 | D:4      | Found a sacrificial altar of Ru.
   732 | D:5      | Reached XP level 4. HP: 24/32 MP: 4/7
   734 | D:5      | Found a glowing drain.
   759 | Sewer    | Entered a sewer
   789 | Sewer    | Noticed a crocodile
   819 | Sewer    | Killed a crocodile
   819 | Sewer    | Reached skill level 5 in Transmutations
   819 | Sewer    | Reached XP level 5. HP: 5/37 MP: 1/8
   900 | D:5      | Found a burning altar of Makhleb.
   924 | D:5      | Found a burning altar of Makhleb.
  1010 | D:4      | Found a bloodstained altar of Trog.
  1010 | D:4      | Found a snail-covered altar of Cheibriados.
  1014 | D:4      | Became a worshipper of Cheibriados the Contemplative
  1244 | D:6      | Noticed an ogre
  1244 | D:6      | Noticed a phantom
  1253 | D:6      | Killed an ogre
  1253 | D:6      | Reached skill level 5 in Unarmed Combat
  1253 | D:6      | Reached XP level 6. HP: 46/47 MP: 6/9
  1263 | D:6      | Noticed an ice beast
  1318 | D:6      | Killed a phantom
  1369 | D:6      | Killed an ice beast
  1369 | D:6      | Reached skill level 6 in Unarmed Combat
  1369 | D:6      | Reached XP level 7. HP: 28/52 MP: 6/10
  1393 | D:6      | Reached * piety under Cheibriados
  1405 | D:6      | Reached skill level 7 in Unarmed Combat
  1588 | D:6      | Found a hide-covered altar of Uskayaw.
  1734 | D:7      | Learned a level 4 spell: Ice Form
  1782 | D:7      | Found a sand-covered staircase.
  1800 | Ossuary  | Entered an ossuary
  1814 | Ossuary  | Reached XP level 8. HP: 58/58 MP: 5/11
  1816 | Ossuary  | Reached skill level 1 in Ice Magic
  1827 | Ossuary  | Reached ** piety under Cheibriados
  1860 | Ossuary  | Reached skill level 8 in Unarmed Combat
  2158 | Ossuary  | Reached skill level 9 in Unarmed Combat
  2253 | D:8      | Noticed Psyche
  2273 | D:8      | Cast into level 2 of the Abyss (Psyche)
  2542 | Abyss:2  | Noticed a flying skull
  2543 | Abyss:2  | Noticed a flying skull
  2561 | Abyss:2  | Killed a flying skull
  2561 | Abyss:2  | Reached XP level 9. HP: 52/66 MP: 9/12
  2567 | Abyss:2  | Noticed a wizard
  2573 | Abyss:2  | Reached skill level 5 in Stealth
  2580 | Abyss:2  | Noticed a thrashing horror
  2583 | Abyss:2  | Killed a wizard
  2587 | D:8      | Escaped the Abyss
  2588 | D:8      | Was placed under penance by Cheibriados
  2590 | D:8      | HP: 1/99 [Psyche/puff of flame (5)]
  2591 | D:8      | Slain by Psyche

Skill      XL: |  1  2  3  4  5  6  7  8  9 |
---------------+----------------------------+-----
Transmutations | 3 5 6 |  6.7
Poison Magic   | 1 |  1.2
Unarmed Combat | 4 5 6 7 9 |  9.6
Fighting       | 3 4 |  4.5
Ice Magic      | 2 |  2.0
Stealth        | 3 7 |  7.6
Dodging        | |  2.6
Spellcasting   | |  2.0

Action                   |  1- 3 |  4- 6 |  7- 9 || total
-------------------------+-------+-------+-------++-------
Melee: Unarmed           |   107 |    78 |   210 ||   395
       Headbutt          |     5 |     5 |     1 ||    11
       Tailslap          |     1 |     1 |       ||     2
       Punch             |       |       |     1 ||     1
 Cast: Beastly Appendage |    11 |     3 |     1 ||    15
       Spider Form       |     4 |    11 |    28 ||    43
       Sticks to Snakes  |       |     1 |       ||     1
 Abil: End Transformatio |       |       |     1 ||     1
  Use: Scroll            |       |       |     6 ||     6
       Potion            |       |       |     5 ||     5
 Stab: Sleeping          |       |       |     1 ||     1
       Distracted        |       |       |     1 ||     1
  Eat: Chunk             |       |     5 |     2 ||     7
       Ration            |       |       |     1 ||     1
Armor: Robe              |     8 |     3 |     4 ||    15
       Skin              |     2 |     5 |     2 ||     9
Dodge: Dodged            |    75 |    68 |   162 ||   305
Block: Other             |       |       |    10 ||    10
